 Dungeon Crawl Stone Soup version 0.26-a0-466-g989023bd0d (webtiles) character file.

Game seed: 10451887444943730150

45 vurker the Chucker (level 3, -4/33 HPs)
             Began as a Minotaur Hunter on Aug 11, 2020.
             Slain by Sigmund
             ... wielding a +0 scythe
              (7 damage)
             ... on level 2 of the Dungeon.
             The game lasted 00:01:57 (1810 turns).

vurker the Chucker (Minotaur Hunter)                Turns: 1810, Time: 00:01:57

Health: -4/33      AC:  6    Str: 17    XL:     3   Next: 42%
Magic:  2/2        EV: 10    Int:  8    God:
Gold:   109        SH:  0    Dex: 10    Spells: 2/2 levels left

rFire    . . .     SeeInvis .   a - +0 short sword
rCold    . . .     Faith    .   (no shield)
rNeg     . . .     Spirit   .   n - +0 scale mail (curse)
rPois    .         Reflect  .   (helmet restricted)
rElec    .         Harm     .   (no cloak)
rCorr    .                      (no gloves)
MR       .....                  (no boots)
Stlth    ..........             (no amulet)
HPRegen  0.11/turn              (no ring)
MPRegen  0.08/turn              (no ring)

@: no status effects
A: retaliatory headbutt, horns 2
a: no special abilities


You were on level 2 of the Dungeon.
You visited 1 branch of the dungeon, and saw 2 of its levels.

You collected 109 gold pieces.

Inventory:

Hand Weapons
 a - a +0 short sword (weapon)
Missiles
 c - 6 javelins (quivered)
 d - 2 throwing nets
Armour
 n - a cursed +0 scale mail (worn)
   (You found it on level 1 of the Dungeon)
 o - a +0 pair of boots
   (You found it on level 2 of the Dungeon)
Scrolls
 e - 3 scrolls of identify {unknown}
 j - 4 scrolls of remove curse {unknown}
 k - a scroll of enchant armour {unknown}
 l - a scroll of enchant weapon {unknown}
 m - a scroll of blinking {unknown}
Potions
 b - 2 potions of berserk rage {unknown}
 f - a potion of brilliance {unknown}
 g - a potion of mutation {unknown}
 h - a potion of heal wounds {unknown}
 i - a potion of curing {unknown}


   Skills:
 + Level 3.7 Fighting
 + Level 4.6 Throwing
 - Level 2.1 Dodging
 - Level 0.7 Stealth


You had 2 spell levels left.
You didn't know any spells.
Your spell library was empty.

Dungeon Overview and Level Annotations

Branches:
Dungeon (2/15)

Altars:

Annotations:
D:2 Sigmund


Innate Abilities, Weirdness & Mutations

You reflexively headbutt those who attack you in melee.
You have a pair of horns on your head.


Message History

You bump into the rock wall.
Sigmund casts a spell at you. The puff of flame misses you.
You bump into the rock wall.
You bump into the rock wall.
You feel less confused. Sigmund barely misses you.
You barely miss Sigmund. Sigmund barely misses you. You furiously retaliate!
You headbutt Sigmund. You closely miss Sigmund. You hit Sigmund.
Sigmund giggles. "Time to reap what you sow."
Sigmund gestures wildly while chanting.
Sigmund flickers and vanishes!
Deactivating autopickup; reactivate with Ctrl-A.
You closely miss something.
You hear some strange, mumbled words.
You are confused.
You bump into the rock wall.
Something hits you.
You barely miss something.
You hear some strange, mumbled words.
A magic dart appears from out of thin air!
The magic dart hits you.
You bump into the rock wall.
You hear some strange, mumbled words.
Something tries to affect you, but you resist.
You barely miss something.
You hear some strange, mumbled words.
A magic dart appears from out of thin air!
The magic dart hits you.
You bump into the rock wall.
Something hits you.
* * * LOW HITPOINT WARNING * * *
You bump into the rock wall.
Something hits you.
* * * LOW HITPOINT WARNING * * *
You hit something.
You feel less confused.
You barely miss something. You headbutt something! Something hits you.
* * * LOW HITPOINT WARNING * * *
You miss something.
You hear some strange, mumbled words.
A magic dart appears from out of thin air!
The magic dart hits you.
* * * LOW HITPOINT WARNING * * *
You miss something. Something hits you!
You die...

###########.##.#####
#........ #........#
#.##.#######...##.###.#
..#.....## ###.##.###.#
##.......## #.........#
#.........#########...#
+.........'...........#
..........###########.#
.#.#...........{@....##
........###########..#
.#.#...## #......#.#
.....'## #.###.##.#
#.###.# #........# #.#
#.# #####.#### #.###.##
#.# .#.....## #.#
###.....# #.#


There were no monsters in sight!

Vanquished Creatures
  2 adders (D:2)
  A dart slug (D:1)
  A leopard gecko (D:1)
  2 giant cockroaches
  3 goblins
  2 hobgoblins
  2 jackals (D:2)
  3 kobolds
  4 bats
  2 frilled lizards
  3 rats
25 creatures vanquished.

Notes
Turn   | Place    | Note
-------+----------+-------------------------------------------
     0 | D:1      | vurker the Minotaur Hunter began the quest for the Orb.
     0 | D:1      | Reached XP level 1. HP: 18/18 MP: 0/0
   152 | D:1      | Reached XP level 2. HP: 3/25 MP: 1/1
   640 | D:1      | You fall into a shaft and drop 1 floor!
   743 | D:2      | Reached XP level 3. HP: 12/31 MP: 2/2
  1751 | D:2      | Noticed Sigmund
  1810 | D:2      | Slain by Sigmund

Illustrated notes

Levels and vault maps discovered:
D:1:      dpeg_arrival_tiny_d, layout_rooms, serial_glass, glass_columns_a,
          glass_columns_a
D:2:      layout_loops_corners, serial_co_window_serial, co_window_paths_b,
          co_window_paths_a, co_window_paths_b, co_window_of_opportunity_a,
          co_window_paths_b, co_window_corner_a, co_window_2corner,
          co_window_of_opportunity_b, co_window_corner_b, co_window_corner_cb,
          co_window_cross_2, glass_columns_a, glass_columns_a, glass_columns_a,
          glass_columns_a, glass_columns_a, uniq_sigmund, uniq_robin

Skill      XL: |  1  2 |
---------------+-------+-----
Fighting       | 3 |  3.7
Throwing       | |  4.6
Dodging        | |  2.1
Stealth        | |  0.7

Action                   || total
-------------------------++-------
Melee: Short sword       ||    80
       Headbutt          ||     7
 Stab: Sleeping          ||     1
Armor: Leather armour    ||     7
       Scale mail        ||    16
Dodge: Dodged            ||    54

Table legend: (Time is in decaauts)
 A = Elapsed time spent in this place.
 B = Non-inter-level travel time spent in this place.
 C = Inter-level travel time spent in this place.
 D = Time resting spent in this place.
 E = Time spent auto-exploring this place.
 F = Levels seen in this place.
 G = Mean time per level.
                   A        B        C        D        E       F      G
               +--------+--------+--------+--------+--------+-----+--------+
         Total |   1818 |   1744 |     74 |      0 |   1474 |   2 |  909.0 |
       Dungeon |   1818 |   1744 |     74 |      0 |   1474 |   2 |  909.0 |
               +--------+--------+--------+--------+--------+-----+--------+

Top non-repeatable levels by time:
     D:2: 1037 daAuts
     D:1: 780 daAuts
